 Dungeon Crawl Stone Soup version 0.31.0-32-g396128a36d (webtiles) character file.

Game seed: 3576215232551015964

70 Alphaeus the Ruffian (level 4, -2/61 HPs)
             Began as a Troll Shapeshifter on Mar 18, 2024.
             Slain by a goblin
             ... wielding a +0 club
             ... led by Robin
              (5 damage)
             ... on level 2 of the Dungeon.
             The game lasted 00:01:00 (990 turns).

Alphaeus the Ruffian (Troll Shapeshifter)            Turns: 990, Time: 00:01:00

Health: -2/61      AC: 22    Str: 24    XL:     4   Next: 4%
Magic:  3/3        EV:  1    Int:  6    God:
Gold:   26         SH:  5    Dex:  9    Spells: 3/3 levels left

rFire   . .          .
                       - Unarmed
rCold   . . .        (no shield)
rNeg    . . .        a - melded +0 animal skin
rPois   +            (helmet currently unavailable)
rElec   .            (cloak currently unavailable)
rCorr   .            (gloves unavailable)
SInv    .            (boots unavailable)
Will    .....        f - amulet of reflection
Stlth   +            (no ring)
HPRegen 1.10/turn    (no ring)
MPRegen 0.08/turn

%: reflection
@: tree-form
A: stationary, stasis, torment immunity, boosted hp, large, unfitting armour,
(claws 3), regeneration 1, (shaggy fur 1), (tough skin 1)
a: no special abilities


You were on level 2 of the Dungeon.
You were a tree.
You visited 1 branch of the dungeon, and saw 2 of its levels.

You collected 26 gold pieces.

Inventory:

Armour
 a - a +0 animal skin (melded)
Jewellery
 f - an amulet of reflection (around neck)
 i - a ring of flight
Talismans
 c - a beast talisman
 d - a flux talisman
Scrolls
 g - a scroll of amnesia {unknown}
Potions
 e - a potion of degeneration {unknown}
 h - a potion of curing {unknown}


   Skills:
 + Level 1.4 Fighting
 - Level 1.5 Dodging
 * Level 3.9 Unarmed Combat
 * Level 3.7 Shapeshifting


You had 3 spell levels left.
You didn't know any spells.
Your spell library was empty.

Dungeon Overview and Level Annotations

Branches:
Dungeon (2/15)

Altars:


Innate Abilities, Weirdness & Mutations

You are a tree.
Your roots penetrate the ground, keeping you stationary.
You cannot be teleported.
You are immune to unholy pain and torment.
Your maximum health is greatly increased.
Your equipment is partially melded.
You are too large for most types of armour.
((You have claws for hands.))
Your natural rate of healing is unusually fast.
((You are covered in fur. (AC +1)))
((You have tough skin. (AC +1)))


Message History

You are too injured to fight recklessly!
You are too injured to fight recklessly!
You are too injured to fight recklessly!
You are too injured to fight recklessly!
You are too injured to fight recklessly!
You are too injured to fight recklessly!
You are too injured to fight recklessly!
You are too injured to fight recklessly!
You are too injured to fight recklessly!
You are too injured to fight recklessly!
You are too injured to fight recklessly!
You are too injured to fight recklessly!
You are too injured to fight recklessly!
You are too injured to fight recklessly!
You are too injured to fight recklessly!
You scratch Robin.
You kill Robin!
The goblin closely misses you. The goblin hits you with a +0 club.
* * * LOW HITPOINT WARNING * * *
The goblin hits you with a +0 dagger.
* * * LOW HITPOINT WARNING * * *
The goblin misses you. The hobgoblin barely misses you.
You have reached level 4!
Your transformation has ended.
You turn into a tree.
Your +0 animal skin melds into your body.
Your roots penetrate the ground.
The goblin hits you but does no damage. x3
You block the hobgoblin's attack.
The hobgoblin hits you but does no damage.
The goblin hits you but does no damage.
You hit the goblin.
The goblin is heavily wounded.
The goblin hits you but does no damage. The goblin hits you with a +0 club.
* * * LOW HITPOINT WARNING * * *
The goblin hits you with a +0 dagger.
* * * LOW HITPOINT WARNING * * *
You block the hobgoblin's attack.
The hobgoblin hits you but does no damage.
The goblin hits you with a +0 club.
You die...

####..........#######.
#..........'.......
#..........#######.
#................#
#....÷........##.#
#########'#...#
#.#...# #.#.gg#
#.#.g♣# #.#.gggg.....
#.##.####.### #.#...
####### #.#.#. ......#
#.#. . #####.# #.#.
....#.# #.#.
#.#.#.######.#


You could see 3 hobgoblins and 4 goblins.

Vanquished Creatures
  Jessica (D:2)
  Robin (D:2)
  3 bats
  2 endoplasms
  8 goblins
  3 hobgoblins (D:1)
  A quokka (D:2)
  3 ball pythons
  3 frilled lizards
  5 kobolds (D:1)
  A rat (D:1)
31 creatures vanquished.

Notes
Turn   | Place    | Note
-------+----------+-------------------------------------------
     0 | D:1      | Alphaeus the Troll Shapeshifter began the quest for the
                  | Orb.
     0 | D:1      | Reached XP level 1. HP: 18/18 MP: 0/0
   197 | D:1      | Reached skill level 1 in Fighting
   288 | D:1      | Reached XP level 2. HP: 27/27 MP: 1/1
   787 | D:2      | Noticed Jessica
   791 | D:2      | Killed Jessica
   792 | D:2      | Reached XP level 3. HP: 29/33 MP: 2/2
   976 | D:2      | Noticed Robin
   988 | D:2      | Killed Robin
   989 | D:2      | Reached XP level 4. HP: 6/41 MP: 3/3
   990 | D:2      | HP: 3/61 [goblin/+0 dagger[Robin] (5)]
   990 | D:2      | Slain by a goblin

Illustrated notes

Levels and vault maps discovered:
D:1:      lightli_arrival_lavapool, layout_loops_ring, roderic_lattice_a,
          skrybe_limestone_x
D:2:      layout_basic, uniq_robin, uniq_jessica, uniq_sigmund

Skill      XL: |  1 |
---------------+----+-----
Fighting       | 1 |  1.4
Dodging        | |  1.5
Unarmed Combat | |  3.9
Shapeshifting  | |  3.7

Action                     |  1- 3 |  4- 6 || total
---------------------------+-------+-------++-------
  Melee: Unarmed           |    63 |     1 ||    64
         Punch             |     2 |       ||     2
    Use: Potion            |       |     1 ||     1
 Armour: Animal skin       |    43 |       ||    43
         Skin              |       |    10 ||    10
  Dodge: Dodged            |    32 |       ||    32
  Block: Other             |    12 |     2 ||    14
